Map: Port Aleksander EC

Players

Sorandom

  • Race: Zerg Zerg
  • League: Diamond
  • Spawn Location: 11:00

Astrapilot - Winner!

  • Race: Zerg Zerg
  • League: Diamond
  • Spawn Location: 5:00

VOD

Have the link to the VOD?

Description

Time

  • Played on: April 9, 2019, 4:16 p.m.
  • Length: 4:07
Show
View Real Time Build Order
Export as new Build Order

Sorandom Zerg 

Build Orders: Pool First 

Get SALT Encoding   

  12  0:02  Drone  
  13  0:12  Overlord  
  13  0:23  Drone  
  14  0:31  Drone x2  
  14  0:34  Drone  
  17  0:49  Spawning Pool  
  16  0:50  Extractor  
  16  0:54  Drone  
  17  0:57  Drone  
  17  1:10  Drone  
  18  1:27  Hatchery  
  18  1:28  Drone  
  18  1:35  Overlord  
  18  1:41  Drone  
  19  1:51  Queen  
  21  1:55  Drone  
  21  2:01  Drone  
  23  2:15  Zergling x2  
  24  2:28  Lair  
  24  2:32  Drone  
  25  2:41  Queen, Drone x2  
  25  2:43  Roach Warren  
  28  2:46  Drone  
  29  2:53  Drone  
  29  2:54  Drone  
  31  3:00  Drone  
  31  3:03  Evolution Chamber  
  31  3:07  Overlord  
  31  3:11  Drone x3  
  33  3:23  Drone x2  
  33  3:27  Roach  
  37  3:33  Roach  
  39  3:36  Drone  
  39  3:38  Extractor  
  39  3:41  Extractor  
  39  3:43  Drone  
Show
View Real Time Build Order
Export as new Build Order

Astrapilot Zerg - Winner!

Build Orders: Hatch First 

Get SALT Encoding   

  12  0:02  Drone  
  13  0:13  Overlord  
  13  0:20  Drone  
  14  0:31  Drone x2  
  16  0:50  Hatchery  
  16  0:53  Drone  
  16  0:57  Drone  
  16  1:01  Drone  
  18  1:11  Extractor  
  17  1:18  Spawning Pool  
  17  1:22  Drone  
  17  1:25  Drone  
  18  1:28  Drone  
  19  1:41  Drone  
  20  1:51  Overlord  
  20  2:05  Queen x2  
  20  2:06  Zergling x4  
  26  2:16  Metabolic Boost  
  26  2:18  Drone  
  26  2:19  Drone  
  28  2:33  Zergling x2  
  29  2:40  Baneling Nest  
  28  2:46  Overlord  
  28  2:51  Drone x4  
  32  2:54  Drone  
  33  3:05  Drone  
  34  3:24  Hatchery  
  34  3:25  Zergling x2  
  34  3:26  Zergling x10  
  39  3:31  Overlord  
  39  3:40  Overlord  
  39  3:49  Zergling x4  
Tags
 
Add a new tag
Caveats
  • Supply blocks, unpowered buildings, or Contaminate may cause inaccurate times.
  • Supply counts are checked every 10 seconds.